Map: Tuonela LE

Players

Crash - Winner!

  • Race: Zerg Zerg
  • Spawn Location: 6:00

Chris - Winner!

  • Race: Protoss Protoss
  • Spawn Location: 3:00

ZZealot - Winner!

  • Race: Protoss Protoss
  • Spawn Location: 5:00

Syborg - Winner!

  • Race: Terran Terran
  • Spawn Location: 5:00

UnnoobyYo

  • Race: Protoss Protoss
  • League: Master
  • Spawn Location: 11:00

KingofKings

  • Race: Terran Terran
  • Spawn Location: 11:00

Knowledge

  • Race: Terran Terran
  • Spawn Location: 12:00

BONUSSTEVE

  • Race: Zerg Zerg
  • Spawn Location: 9:00

VOD

Have the link to the VOD?

Description

Time

  • Played on: Nov. 7, 2025, 3:40 p.m.
  • Length: 26:27
Show
View Real Time Build Order
Export as new Build Order

Crash Zerg - Winner!

Build Orders: Hatch First, Lurkers 

Get SALT Encoding   

  12  0:23  Drone  
  12  0:24  Drone  
  14  0:38  Overlord  
  14  0:47  Hatchery  
  13  0:57  Drone x2  
  13  0:58  Drone  
  16  1:08  Drone  
  17  1:13  Spawning Pool  
  16  1:20  Drone  
  16  1:23  Extractor  
  16  1:30  Drone  
  17  1:41  Drone  
  18  1:52  Drone  
  19  1:58  Overlord  
  19  2:01  Queen x2  
  19  2:03  Drone  
  19  2:07  Extractor  
  23  2:10  Drone  
  23  2:13  Drone  
  25  2:20  Drone  
  26  2:24  Overlord  
  26  2:31  Metabolic Boost  
  26  2:33  Zergling x2  
  27  2:51  Drone  
  27  2:52  Drone x2  
  27  2:54  Drone  
  27  2:57  Drone  
  32  3:04  Zergling x2  
  33  3:07  Zergling x2  
  34  3:15  Drone  
  34  3:18  Drone  
  36  3:20  Drone x3  
  36  3:21  Drone x3  
  42  3:30  Lair  
  42  3:31  Drone x2  
  44  3:34  Extractor  
  44  3:36  Extractor  
  42  3:49  Drone  
  42  3:51  Drone  
  42  3:53  Overlord, Hatchery  
  43  4:09  Drone  
  44  4:11  Drone  
  44  4:13  Drone x3  
  44  4:14  Drone  
  49  4:17  Drone  
  49  4:20  Drone  
  46  4:40  Zergling x12  
  37  4:45  Zergling x2  
  37  4:51  Zergling x2  
  28  5:08  Zergling x8  
  28  5:09  Zergling x2  
  30  5:18  Zergling x4  
  32  5:23  Zergling x2  
  32  5:26  Queen  
  35  5:28  Queen  
  35  5:30  Drone x5  
  42  5:39  Drone  
  42  5:40  Drone x2  
  45  5:54  Drone x3  
  48  6:02  Hydralisk Den  
  47  6:22  Drone x2  
  47  6:23  Drone x6  
  47  6:24  Drone  
  56  6:32  Muscular Augments  
  56  6:35  Drone  
  56  6:37  Overlord  
  56  6:38  Overlord x2  
  57  6:57  Drone x3  
  57  6:58  Drone x3  
  57  6:59  Drone x4  
  67  7:04  Drone  
  68  7:10  Overlord x2  
  68  7:13  Hydralisk x2  
  68  7:14  Hydralisk x4  
  80  7:21  Extractor, Hydralisk  
  81  7:24  Extractor  
  81  7:28  Hydralisk  
  81  7:29  Hydralisk x3  
  88  7:41  Drone x2  
  88  7:42  Drone x2  
  88  7:43  Drone x2  
  94  7:46  Drone x2  
  94  7:47  Drone  
  94  7:48  Overlord x4  
  97  8:09  Drone x4  
  97  8:10  Drone x3  
  104  8:20  Hatchery  
  104  8:26  Hydralisk  
  103  8:27  Hydralisk x7  
  103  8:32  Grooved Spines  
  119  8:40  Drone x3  
  119  8:41  Drone x2  
  105  8:56  Hydralisk  
  105  8:57  Hydralisk x3  
  111  9:03  Hydralisk  
  111  9:04  Hydralisk x8  
  129  9:14  Overseer  
  103  9:37  Queen  
  105  9:43  Queen  
  107  9:48  Hydralisk  
  107  9:49  Hydralisk x10  
  129  9:57  Pneumatized Carapace  
  129  10:08  Evolution Chamber  
  129  10:09  Evolution Chamber x2  
  129  10:11  Infestation Pit  
  129  10:14  Drone x6  
  126  10:16  Extractor  
  126  10:17  Extractor  
  129  10:29  Drone x3  
  129  10:30  Drone x3  
  129  10:31  Drone  
  129  10:33  Overlord x3  
  129  10:34  Overlord x3  
  136  10:54  Lurker Den  
  113  11:13  Hydralisk x4  
  113  11:14  Hydralisk x15  
  135  11:26  Drone  
  135  11:27  Drone x3  
  137  11:55  Overlord  
  137  11:56  Overlord x4  
  127  12:18  Zerg Ground Armor Level 1, Zerg Melee Weapons Level 1, Zerg Missile Weapons Level 1  
  127  12:20  Hive  
  127  12:26  Drone  
  128  12:48  Hatchery, Hydralisk  
  128  12:49  Hydralisk x17  
  163  13:11  Overlord x4  
  163  13:12  Overlord x3  
  163  13:17  Lurker x4  
  163  13:18  Lurker  
  168  13:40  Adaptive Talons  
  166  14:32  Lurker x2  
  166  14:33  Lurker x4  
  166  14:34  Hydralisk x13  
  166  14:35  Hydralisk  
  166  14:37  Seismic Spines  
  200  14:48  Unknown  
  118  15:36  Hydralisk x15  
  118  15:37  Hydralisk x8  
  164  16:02  Lurker x4  
  164  16:03  Lurker x2  
  170  16:06  Hydralisk x9  
  170  16:08  Zerg Missile Weapons Level 2  
  188  16:11  Hydralisk  
  188  16:12  Hydralisk x5  
  198  17:00  Hydralisk x7  
  196  17:47  Hatchery  
  60  20:45  Extractor, Hatchery  
  60  20:47  Extractor  
  60  20:48  Hydralisk  
  60  20:49  Hydralisk x7  
  51  20:52  Queen  
  61  20:59  Drone x3  
  64  21:17  Hatchery  
  63  21:22  Extractor  
  63  21:24  Extractor  
  61  21:26  Drone x3  
  61  21:29  Extractor  
  61  21:30  Drone x2  
  61  21:31  Drone  
  61  21:32  Drone x3  
  69  21:45  Extractor  
  68  22:28  Lair  
  68  22:31  Drone  
  68  22:32  Drone x2  
  71  22:40  Hydralisk  
  71  22:41  Hydralisk x13  
  99  23:07  Evolution Chamber x2  
  99  23:11  Lurker Den  
  96  23:15  Hydralisk x12  
  96  23:16  Hydralisk  
  96  23:19  Extractor  
  121  23:21  Extractor, Queen  
  122  23:29  Hatchery  
  121  23:40  Hydralisk  
  121  23:41  Hydralisk x5  
  129  24:10  Hydralisk  
  129  24:11  Hydralisk x9  
  147  25:36  Hydralisk x7  
  147  25:37  Hydralisk x2  
  165  26:11  Extractor x2  
  164  26:12  Extractor, Hatchery x2  
  164  26:15  Extractor  
Show
View Real Time Build Order
Export as new Build Order

Chris Protoss - Winner!

Build Orders:  

Get SALT Encoding   

  12  0:13  Probe  
  13  0:25  Probe  
  14  0:31  Pylon  
  14  0:37  Probe  
  14  0:40  Pylon  
  16  0:50  Probe  
  16  0:57  Assimilator  
  16  1:02  Probe  
  17  1:11  Pylon  
  17  1:22  Gateway  
  17  1:24  Forge  
  17  1:29  Assimilator  
  17  1:30  Probe  
  18  1:42  Probe  
  19  1:54  Probe  
  20  2:01  Photon Cannon  
  20  2:05  Photon Cannon  
  20  2:09  Photon Cannon  
  20  2:12  Probe  
  21  2:24  Probe  
  22  2:36  Probe  
  23  2:37  Pylon  
  23  2:40  Photon Cannon  
  23  2:43  Photon Cannon  
  23  2:55  Photon Cannon  
  23  3:05  Probe  
  24  3:17  Probe  
  25  3:24  Pylon  
  25  3:28  Photon Cannon  
  25  3:29  Probe, Photon Cannon  
  26  3:44  Photon Cannon  
  26  3:58  Photon Cannon  
  26  3:59  Photon Cannon  
  26  4:26  Nexus  
  26  4:32  Pylon  
  26  4:39  Pylon  
  26  4:49  Photon Cannon  
  26  4:56  Photon Cannon  
  25  5:24  Photon Cannon  
  24  5:29  Photon Cannon x2  
  24  5:42  Photon Cannon  
  24  5:48  Photon Cannon  
  24  5:50  Probe x2  
  26  6:02  Probe x2  
  28  6:14  Probe x2  
  30  6:26  Probe x2  
  32  6:32  Cybernetics Core  
  32  6:38  Probe x2  
  34  6:50  Probe  
  34  6:51  Probe  
  36  7:04  Nexus  
  36  7:06  Pylon  
  36  7:10  Pylon  
  36  7:20  Pylon  
  36  7:24  Probe x2  
  38  7:32  Assimilator  
  38  7:34  Assimilator  
  38  7:36  Probe x2  
  31  7:48  Probe x2  
  25  8:00  Probe x2  
  27  8:09  Stargate  
  27  8:10  Stargate  
  27  8:12  Probe x2  
  29  8:15  Robotics Facility  
  29  8:24  Probe x2  
  29  8:25  Probe  
  32  8:36  Probe  
  32  8:39  Nexus  
  33  8:48  Probe  
  34  8:58  Probe x2  
  34  9:00  Probe  
  37  9:04  Observer  
  46  9:10  Probe x2  
  46  9:12  Probe  
  46  9:14  Void Ray x2  
  49  9:22  Probe x2, Observer  
  49  9:24  Probe, Assimilator  
  52  9:27  Assimilator  
  53  9:36  Probe  
  54  9:48  Probe  
  47  10:08  Probe  
  48  10:20  Probe  
  57  10:25  Void Ray x2  
  57  10:30  Fleet Beacon  
  57  10:32  Probe  
  57  10:35  Twilight Council  
  58  10:41  Pylon  
  58  10:47  Probe x2  
  58  10:48  Probe  
  61  10:59  Probe x2  
  61  11:00  Probe  
  64  11:16  Photon Cannon  
  64  11:21  Photon Cannon  
  64  11:22  Photon Cannon  
  64  11:26  Photon Cannon x2  
  64  11:35  Mothership  
  64  11:37  Probe x2  
  74  11:49  Probe x2  
  74  11:53  Tempest x2  
  84  12:00  Protoss Shields Level 1  
  84  12:01  Probe x2  
  86  12:16  Protoss Air Weapons Level 1  
  82  13:07  Void Ray  
  82  13:08  Void Ray  
  82  13:24  Stargate  
  82  13:29  Stargate  
  82  13:35  Unknown, Flux Vanes  
  82  13:41  Probe x2  
  82  13:42  Probe x2  
  82  13:47  Assimilator  
  86  13:49  Assimilator  
  86  13:52  Pylon  
  86  13:53  Probe x2  
  86  13:54  Probe x2  
  86  13:55  Pylon  
  90  13:59  Pylon  
  90  14:03  Pylon  
  90  14:05  Pylon  
  90  14:12  Tempest x3  
  90  14:13  Tempest  
  106  14:17  Protoss Shields Level 2  
  106  14:33  Protoss Air Armor Level 1  
  106  14:37  Probe x4  
  110  14:48  Photon Cannon  
  110  14:49  Probe x3, Photon Cannon  
  110  14:50  Probe  
  110  14:51  Photon Cannon  
  114  14:53  Photon Cannon  
  114  14:55  Photon Cannon  
  114  14:56  Photon Cannon, Tempest x2  
  114  14:57  Tempest x2  
  114  15:01  Photon Cannon  
  114  15:03  Photon Cannon  
  114  15:05  Photon Cannon  
  130  15:07  Photon Cannon  
  130  15:10  Photon Cannon  
  130  15:12  Photon Cannon  
  130  15:20  Probe  
  131  15:39  Void Ray x3  
  131  15:40  Void Ray  
  163  17:27  Void Ray x2  
  163  17:28  Void Ray x2  
  122  18:02  Stargate  
  122  18:04  Stargate  
  138  18:10  Void Ray x2  
  138  18:11  Void Ray x2  
  117  19:23  Void Ray x6  
  137  20:03  Protoss Shields Level 3  
  137  20:06  Void Ray x6  
  161  20:21  Protoss Air Weapons Level 2  
  161  20:28  Nexus  
  161  20:32  Pylon  
  161  20:33  Pylon  
  161  20:34  Pylon  
  161  20:37  Pylon  
  161  20:38  Pylon x2  
  161  20:39  Assimilator  
  161  20:40  Assimilator  
  161  20:51  Carrier x3  
  161  20:53  Carrier  
  161  20:56  Carrier x2  
  192  21:24  Photon Cannon  
  192  21:25  Photon Cannon x2  
  192  21:27  Photon Cannon  
  192  21:29  Photon Cannon  
  192  21:31  Photon Cannon  
  192  21:33  Photon Cannon x2  
  192  21:35  Photon Cannon  
  192  21:37  Photon Cannon x3  
  192  21:38  Photon Cannon  
  192  21:42  Nexus  
  192  21:43  Pylon  
  192  21:46  Pylon  
  184  21:47  Pylon  
  184  21:48  Pylon  
  184  21:50  Assimilator  
  184  21:51  Pylon, Assimilator  
  115  22:57  Probe x4  
  115  22:58  Probe x2  
  121  23:06  Photon Cannon  
  121  23:07  Photon Cannon  
  121  23:08  Photon Cannon  
  121  23:09  Probe x3, Photon Cannon  
  121  23:10  Probe x3, Photon Cannon  
  121  23:11  Photon Cannon  
  127  23:14  Photon Cannon  
  127  23:15  Photon Cannon x2  
  127  23:18  Photon Cannon  
  127  23:19  Photon Cannon  
  127  23:20  Photon Cannon  
  127  23:21  Probe x2  
  127  23:22  Probe x4, Photon Cannon  
  127  23:25  Photon Cannon  
  133  23:33  Probe  
  127  24:04  Tempest  
  127  24:05  Tempest x4  
  147  24:27  Probe x5  
  147  24:28  Probe  
  153  24:39  Probe x4  
  153  24:40  Probe x2  
Show
View Real Time Build Order
Export as new Build Order

ZZealot Protoss - Winner!

Build Orders: Blink Stalkers 

Get SALT Encoding   

  12  0:01  Probe  
  13  0:15  Pylon  
  13  0:19  Probe  
  14  0:30  Assimilator  
  14  0:32  Probe  
  15  0:43  Probe  
  15  0:49  Gateway  
  16  0:52  Probe  
  17  1:00  Probe  
  18  1:05  Pylon  
  18  1:10  Probe  
  19  1:19  Probe  
  20  1:27  Probe  
  21  1:36  Probe  
  22  1:45  Nexus  
  22  1:48  Probe  
  23  1:58  Cybernetics Core  
  23  2:00  Probe  
  23  2:08  Probe, Assimilator  
  25  2:16  Probe  
  26  2:27  Probe, Pylon  
  27  2:37  Twilight Council, Stalker  
  27  2:40  Probe  
  27  2:43  Warp Gate  
  30  2:52  Probe  
  30  2:58  Probe  
  31  3:03  Probe  
  33  3:06  Probe  
  33  3:09  Stalker  
  33  3:11  Probe  
  36  3:19  Probe  
  37  3:21  Blink  
  38  3:30  Probe  
  39  3:36  Stalker  
  41  3:42  Probe  
  41  3:46  Assimilator  
  42  3:53  Probe  
  42  3:54  Probe  
  44  4:05  Probe x2, Forge  
  44  4:07  Robotics Facility  
  46  4:10  Gateway  
  46  4:12  Assimilator  
  46  4:13  Probe x2  
  46  4:19  Stalker  
  46  4:21  Probe x2  
  52  4:31  Probe  
  52  4:33  Probe  
  54  4:56  Probe  
  54  4:57  Stalker  
  51  5:06  Stalker  
  53  5:14  Protoss Ground Weapons Level 1  
  53  5:23  Pylon  
  53  5:25  Pylon  
  53  5:34  Pylon  
  53  5:35  Pylon  
  53  5:38  Pylon  
  53  5:39  Probe  
  53  5:40  Gateway  
  53  5:41  Probe, Gateway, Immortal  
  59  5:48  Pylon  
  59  5:51  Probe, Pylon  
  59  5:53  Probe, Stalker x2  
  65  5:57  Pylon  
  65  6:05  Probe  
  66  6:15  Nexus  
  66  6:17  Probe  
  67  6:19  Assimilator  
  67  6:22  Pylon  
  67  6:23  Assimilator  
  67  6:24  Pylon  
  67  6:27  Pylon  
  67  6:29  Probe  
  67  6:30  Pylon  
  68  6:33  Stalker x2  
  68  6:35  Stalker  
  68  6:36  Stalker  
  76  6:40  Observer  
  77  6:50  Shield Battery  
  77  6:55  Probe x2  
  79  7:02  Stalker x4  
  79  7:06  Protoss Ground Armor Level 1  
  79  7:07  Probe x2  
  89  7:14  Forge  
  89  7:15  Forge  
  89  7:18  Gateway  
  89  7:19  Probe x2  
  91  7:28  Stalker x4  
  99  7:31  Probe x2  
  101  7:43  Probe x2  
  103  7:46  Protoss Ground Weapons Level 2  
  103  7:54  Stalker x2  
  103  7:55  Stalker x2  
  103  7:57  Protoss Shields Level 1  
  111  8:01  Observer  
  111  8:04  Charge  
  112  8:19  Immortal  
  116  8:22  Stalker x3  
  116  8:24  Stalker  
  122  8:45  Nexus  
  108  8:58  Immortal  
  110  9:10  Stalker x4  
  116  9:34  Protoss Ground Armor Level 2  
  116  9:37  Stalker x3  
  116  9:38  Stalker  
  124  10:14  Protoss Ground Weapons Level 3, Protoss Shields Level 2  
  124  10:18  Gateway  
  124  10:19  Gateway  
  124  10:21  Gateway  
  124  10:24  Gateway  
  124  10:53  Stalker x3  
  124  10:54  Stalker  
  118  11:54  Stalker  
  118  11:55  Stalker x3  
  124  12:07  Stalker x5  
  118  12:24  Stalker  
  118  12:25  Stalker x3  
  120  12:43  Probe  
  121  12:49  Protoss Shields Level 3, Protoss Ground Armor Level 3, Assimilator  
  121  12:52  Stalker x4  
  121  12:53  Stalker x2, Assimilator  
  121  12:54  Stalker x3  
  121  12:55  Probe  
  140  13:04  Pylon  
  140  13:07  Probe  
  141  13:15  Dark Shrine  
  141  13:17  Photon Cannon x2  
  141  13:19  Probe  
  142  13:20  Photon Cannon  
  142  13:21  Stalker x3  
  142  13:22  Stalker  
  142  13:23  Stalker x2  
  142  13:24  Stalker x2  
  142  13:25  Stalker  
  160  13:29  Observer  
  160  13:31  Probe  
  162  13:47  Observer  
  137  14:03  Zealot  
  137  14:04  Zealot x4  
  137  14:05  Immortal, Zealot x3  
  137  14:06  Zealot  
  155  14:45  Immortal  
  105  15:05  Zealot x4  
  105  15:06  Zealot x5  
  92  15:45  Zealot  
  92  15:46  Zealot x6  
  92  15:47  Zealot x2  
  110  16:11  Dark Templar x5  
  114  16:12  Dark Templar x2  
  114  16:13  Dark Templar x2  
  112  16:56  Stalker  
  112  16:57  Stalker x5  
  112  16:58  Stalker x3  
  129  17:31  Stalker  
  129  17:32  Stalker  
  129  17:33  Stalker x4  
  129  17:34  Stalker x3  
  147  17:59  Stalker x3  
  147  18:00  Stalker x2  
  147  18:01  Stalker x3  
  110  18:34  Stalker x4  
  112  18:36  Stalker x4  
  112  18:37  Stalker  
  94  19:04  Stalker x3  
  94  19:05  Stalker x3  
  94  19:06  Stalker x3  
  92  19:56  Stalker x2  
  92  19:57  Stalker x3  
  92  19:58  Stalker x2  
  92  19:59  Stalker x2  
  92  20:04  Immortal  
  83  20:44  Immortal  
  87  20:58  Stalker x4  
  87  20:59  Stalker x2  
  87  21:00  Stalker x3  
  105  21:23  Immortal  
  109  21:31  Stalker x5  
  109  21:32  Stalker  
  121  21:33  Stalker x3  
  91  22:37  Stalker  
  91  22:38  Stalker x5  
  91  22:39  Stalker x3  
  97  23:51  Stalker x3  
  97  23:52  Stalker  
  97  23:53  Stalker x3  
  97  23:54  Stalker x2  
  107  24:24  Zealot x5  
  107  24:26  Zealot x4  
  125  25:14  Zealot x6  
  129  25:16  Zealot x3  
  143  25:27  Nexus  
  137  25:54  Zealot  
  137  25:55  Zealot x5  
  137  25:56  Zealot x2  
  153  25:57  Zealot  
  151  26:21  Zealot x3  
  151  26:23  Zealot x3  
Show
View Real Time Build Order
Export as new Build Order

Syborg Terran - Winner!

Build Orders: 2 Factory 

Get SALT Encoding   

  12  0:01  SCV  
  13  0:13  SCV  
  14  0:18  Supply Depot  
  14  0:25  SCV  
  15  0:40  SCV  
  16  0:43  Barracks  
  16  0:52  SCV  
  17  1:04  SCV  
  18  1:17  Command Center  
  18  1:22  SCV  
  19  1:33  Supply Depot, Marine  
  19  1:39  Orbital Command  
  20  1:45  Refinery  
  20  1:51  Marine  
  21  2:08  Refinery  
  21  2:09  SCV, Marine  
  23  2:21  SCV  
  24  2:31  Marine  
  24  2:35  SCV  
  23  2:37  Orbital Command  
  26  2:45  Factory  
  26  2:49  SCV  
  27  2:57  Refinery  
  27  2:59  Marine  
  27  3:02  SCV  
  29  3:06  Factory  
  29  3:09  SCV  
  30  3:16  Supply Depot  
  30  3:17  Marine  
  30  3:18  SCV  
  31  3:35  Marine  
  31  3:39  Hellion  
  34  3:43  SCV  
  34  3:44  SCV  
  36  3:51  Factory Tech Lab  
  36  3:55  SCV  
  37  3:56  SCV  
  37  3:58  Refinery  
  38  4:04  Factory Tech Lab  
  38  4:13  Cyclone  
  41  4:17  SCV x2  
  43  4:25  Cyclone  
  43  4:29  SCV x2  
  48  4:32  Factory  
  48  4:37  Marine  
  49  4:41  SCV x2  
  49  4:51  Cyclone  
  52  4:53  SCV  
  52  4:55  Marine  
  53  5:04  SCV  
  54  5:08  Mag-Field Accelerator, Infernal Pre-Igniter  
  54  5:12  Supply Depot  
  54  5:13  SCV  
  55  5:26  Hellion x2  
  59  5:43  SCV x2  
  59  5:48  Supply Depot  
  59  5:49  Armory  
  61  5:51  Factory Reactor  
  61  5:53  Factory  
  61  5:55  SCV  
  61  5:56  SCV  
  63  5:59  Supply Depot  
  63  6:23  Command Center  
  63  6:26  Engineering Bay  
  63  6:29  SCV x2  
  65  6:35  Armory  
  65  6:41  SCV x2  
  67  6:49  Factory Tech Lab  
  67  6:50  Drilling Claws  
  67  6:51  Smart Servos  
  67  6:53  SCV x2, Terran Vehicle Weapons Level 1  
  69  6:54  Hellion  
  69  6:55  Hellion x3  
  77  7:05  SCV x2  
  77  7:07  Neosteel Armor  
  79  7:25  Cyclone  
  79  7:26  Cyclone  
  85  7:35  Cyclone  
  85  7:36  Sensor Tower  
  88  7:37  Missile Turret  
  88  7:52  Widow Mine x2  
  88  7:56  Terran Vehicle And Ship Armor Level 1, SCV x2  
  88  7:58  Widow Mine, Cyclone  
  99  7:59  Planetary Fortress  
  99  8:04  Command Center  
  99  8:08  SCV x2  
  101  8:19  Supply Depot  
  101  8:20  Supply Depot x3  
  101  8:32  Widow Mine  
  101  8:35  Widow Mine  
  101  8:38  Widow Mine x2  
  94  8:46  Cyclone  
  91  8:56  Widow Mine, Cyclone  
  91  8:59  Widow Mine x2  
  91  9:02  Terran Vehicle Weapons Level 2  
  100  9:17  Planetary Fortress  
  100  9:18  Siege Tank  
  100  9:20  Siege Tank, Missile Turret  
  100  9:21  SCV x2  
  100  9:23  SCV  
  109  9:28  Siege Tank  
  112  9:33  SCV  
  112  9:36  SCV  
  114  9:41  Missile Turret  
  114  9:42  SCV  
  116  9:45  SCV  
  116  9:47  Widow Mine  
  116  9:48  SCV, Widow Mine  
  116  9:50  Siege Tank  
  116  9:52  Siege Tank  
  126  9:54  SCV  
  126  9:57  SCV  
  128  10:06  Hellion  
  130  10:08  SCV  
  130  10:09  SCV, Hellion x2  
  130  10:11  Refinery  
  136  10:15  Refinery  
  136  10:20  SCV  
  137  10:22  SCV  
  137  10:24  Sensor Tower  
  138  10:32  SCV  
  139  10:36  Missile Turret  
  139  10:38  SCV  
  139  10:41  Refinery x2  
  140  10:43  Sensor Tower  
  140  10:45  Terran Vehicle And Ship Armor Level 2  
  140  10:46  Missile Turret  
  140  10:47  Hi-Sec Auto Tracking  
  140  10:51  SCV  
  140  10:53  Sensor Tower  
  140  10:56  Supply Depot  
  141  10:57  Supply Depot  
  141  10:58  Supply Depot  
  141  10:59  Supply Depot x2  
  141  11:03  SCV  
  142  11:06  Factory  
  142  11:12  Missile Turret  
  142  11:14  Factory  
  142  11:16  Supply Depot  
  142  11:17  Supply Depot  
  142  11:19  Factory  
  142  11:29  Widow Mine  
  142  11:30  Widow Mine x4  
  149  11:51  Widow Mine  
  139  11:57  Thor x3  
  151  12:13  Widow Mine x3  
  151  12:14  Widow Mine x2  
  159  12:35  Widow Mine x4  
  167  12:43  Missile Turret, Refinery  
  167  12:44  Missile Turret x3  
  167  12:48  Supply Depot  
  167  12:49  Supply Depot  
  167  13:02  Factory Tech Lab x2  
  167  13:05  Terran Vehicle And Ship Armor Level 3, Terran Vehicle Weapons Level 3  
  167  13:10  Missile Turret  
  167  13:12  Command Center, Missile Turret  
  167  13:13  Missile Turret x3  
  167  13:14  Missile Turret  
  167  13:20  SCV  
  168  13:30  Thor  
  168  13:32  SCV, Factory Tech Lab  
  175  13:35  SCV  
  175  13:38  SCV x2  
  178  13:44  SCV  
  178  13:47  SCV  
  180  13:50  SCV  
  181  13:58  Refinery  
  181  13:59  SCV  
  181  14:02  Refinery  
  178  14:05  Thor x3  
  174  14:11  SCV  
  171  14:32  SCV  
  171  14:33  SCV  
  171  14:34  Thor x2  
  174  14:45  SCV x2  
  161  14:59  Thor x3  
  173  15:09  Thor  
  173  15:19  Planetary Fortress  
  167  15:29  Thor  
  167  15:32  Hellion  
  167  15:33  Hellion x2  
  167  15:34  SCV x2  
  175  15:42  Hellion  
  177  15:46  SCV  
  178  15:53  Hellion x3  
  178  15:54  Hellion x2  
  188  16:03  Starport  
  188  16:05  Starport  
  188  16:17  SCV x2  
  168  17:22  Thor x3  
  188  17:23  Widow Mine x5  
  182  17:44  Widow Mine x2  
  184  17:53  Medivac x2  
  188  18:23  Medivac x2  
  186  18:28  Widow Mine  
  186  18:29  Widow Mine  
  183  18:53  Medivac  
  183  19:00  Widow Mine, Thor x2  
  187  19:44  SCV x2  
  180  19:46  Factory  
  180  19:47  Factory  
  154  19:56  SCV  
  129  20:04  Thor x4  
  129  20:05  Factory Tech Lab  
  123  20:29  Hellion  
  125  20:35  Fusion Core  
  125  20:37  Supply Depot x2  
  125  20:40  Supply Depot  
  121  20:46  Factory Tech Lab x2  
  121  20:47  Hellion x2, Thor x2  
  136  21:12  Thor x2  
  136  21:13  Thor x2  
  136  21:14  Thor  
  166  21:23  Caduceus Reactor  
  163  21:30  Hellion x2  
  163  21:31  Starport Reactor  
  163  21:32  Starport Reactor  
  165  21:52  Hellion  
  149  22:35  Hellion x4  
  149  22:36  Hellion x3  
  161  22:56  Hellion  
  163  23:15  Thor x5  
Show
View Real Time Build Order
Export as new Build Order

UnnoobyYo Protoss 

Build Orders: Nexus First, Zealot Archon 

Get SALT Encoding   

  12  0:01  Probe  
  13  0:13  Probe  
  14  0:25  Probe  
  15  0:49  Nexus  
  15  0:51  Pylon  
  15  0:57  Assimilator  
  15  1:11  Gateway  
  15  1:12  Probe  
  16  1:21  Probe  
  17  1:29  Probe  
  17  1:39  Probe  
  19  1:51  Probe  
  20  1:58  Cybernetics Core  
  20  2:04  Probe, Assimilator  
  20  2:06  Probe  
  21  2:13  Probe  
  22  2:18  Probe, Gateway  
  24  2:22  Probe  
  24  2:27  Stalker  
  25  2:31  Gateway  
  25  2:33  Pylon  
  25  2:35  Probe  
  26  2:42  Warp Gate  
  28  2:47  Pylon  
  28  3:00  Probe  
  29  3:08  Shield Battery  
  29  3:12  Probe  
  30  3:13  Shield Battery  
  29  3:24  Probe  
  30  3:27  Stalker x3  
  36  3:37  Pylon  
  36  3:45  Robotics Facility  
  36  3:53  Probe  
  36  4:01  Probe  
  38  4:11  Probe  
  38  4:14  Probe  
  40  4:18  Assimilator  
  40  4:21  Assimilator  
  40  4:22  Probe  
  40  4:23  Probe  
  41  4:30  Probe  
  43  4:40  Probe  
  44  4:52  Probe  
  45  4:55  Stalker x2  
  45  4:56  Stalker  
  49  5:11  Immortal  
  49  5:14  Probe  
  54  5:30  Pylon  
  54  5:33  Pylon  
  54  5:35  Gateway  
  54  5:36  Pylon  
  54  5:39  Pylon  
  54  5:48  Probe x2  
  54  5:49  Twilight Council  
  56  5:50  Observer  
  56  5:51  Gateway  
  56  5:53  Gateway  
  57  5:57  Probe  
  57  5:58  Gateway  
  57  6:00  Probe  
  59  6:05  Probe  
  59  6:08  Probe  
  60  6:14  Probe  
  60  6:16  Probe  
  60  6:18  Charge  
  62  6:24  Observer  
  64  6:26  Probe x2  
  66  6:37  Templar Archives  
  66  6:38  Probe x2, Warp Prism  
  66  6:39  Dark Shrine  
  68  6:43  Zealot x2  
  72  6:51  Probe  
  75  7:09  Nexus  
  75  7:11  Pylon  
  75  7:16  High Templar x2  
  75  7:18  Zealot x3  
  75  7:20  Archon  
  85  7:27  Probe  
  85  7:29  Probe  
  87  7:32  Pylon  
  87  7:33  Pylon  
  87  7:39  Probe, Pylon  
  87  7:41  Probe  
  89  7:51  Probe, High Templar x2  
  90  7:52  Zealot  
  90  7:53  Probe, Zealot x3  
  90  7:55  Archon  
  90  7:58  Blink  
  103  8:14  High Templar x2  
  103  8:18  Zealot x3  
  113  8:20  Archon  
  113  8:24  Probe  
  113  8:27  Pylon  
  113  8:28  Pylon  
  113  8:30  Probe x2  
  113  8:32  Probe  
  117  8:41  Probe  
  117  8:42  Probe x2  
  112  8:54  Probe x3  
  75  9:06  Probe x2, Zealot  
  75  9:07  Dark Templar x4  
  75  9:08  Zealot x2  
  69  9:41  Gateway  
  69  9:42  Gateway  
  69  9:45  Gateway  
  69  9:46  Immortal  
  69  9:47  Gateway  
  69  9:48  Assimilator  
  69  9:49  Assimilator  
  69  9:50  High Templar  
  69  9:51  High Templar x3  
  69  9:52  Zealot x3, Gateway  
  79  9:53  Gateway  
  79  9:55  Archon x2  
  79  9:56  Gateway  
  79  9:59  Pylon  
  87  10:01  Pylon  
  87  10:04  Forge  
  87  10:06  Forge  
  87  10:09  Pylon  
  87  10:10  Pylon  
  87  10:12  Pylon  
  87  10:16  Pylon  
  87  10:25  Observer  
  88  10:31  Nexus, Pylon  
  88  10:37  Zealot x5  
  88  10:38  Zealot x3  
  104  10:50  High Templar  
  104  10:51  High Templar  
  104  10:52  Dark Templar x3  
  104  10:55  Archon  
  114  10:58  Zealot x4  
  70  11:21  Dark Templar x2  
  70  11:22  Zealot x5  
  70  11:23  Zealot x3  
  90  11:31  Zealot x3  
  74  11:48  Stalker x4  
  74  11:49  Stalker x2  
  74  11:51  Stalker  
  83  11:56  Protoss Ground Weapons Level 1, Protoss Ground Armor Level 1  
  83  11:57  High Templar x2  
  83  11:58  Zealot x2  
  83  12:01  Stalker  
  93  12:03  Archon  
  93  12:08  Probe, Zealot x2  
  98  12:16  Probe  
  99  12:23  High Templar x2  
  99  12:25  Probe, Zealot x2, Stalker  
  99  12:28  Stalker  
  112  12:31  Archon  
  112  12:33  Zealot x2  
  112  12:35  Probe  
  112  12:37  Assimilator  
  116  12:40  Assimilator  
  116  12:43  Probe  
  117  12:46  Stalker x2  
  117  12:49  Zealot  
  124  12:52  Probe, Stalker  
  127  12:58  Stalker  
  127  12:59  Stalker  
  127  13:00  Immortal, Stalker  
  127  13:04  Probe  
  138  13:20  Robotics Facility  
  138  13:22  Robotics Facility  
  138  13:25  Robotics Bay  
  138  13:28  Stalker x3  
  138  13:29  Stalker x2  
  138  13:31  Zealot  
  138  13:32  Zealot  
  152  13:46  Stalker x5  
  146  14:10  Stalker x5  
  146  14:11  Stalker x4  
  146  14:12  Stalker  
  166  14:31  Stalker x3  
  166  14:32  Stalker  
  166  14:36  Colossus  
  148  14:51  Stalker x3  
  148  14:52  Stalker x3  
  114  15:09  Stalker  
  114  15:10  Stalker x4  
  114  15:19  Zealot  
  114  15:20  Zealot x4  
  124  15:24  Zealot x2  
  124  15:25  Zealot x2  
  126  15:47  High Templar x2  
  126  15:48  High Templar x2  
  126  15:49  Protoss Ground Weapons Level 2, Zealot x2  
  138  15:50  Zealot x7  
  138  15:52  Archon x2  
  138  15:56  Stalker  
  154  16:08  Probe  
  155  16:12  Zealot x5  
  165  16:20  Probe  
  165  16:23  Observer  
  165  16:24  Protoss Ground Armor Level 2  
  167  16:32  Zealot x4  
  173  16:33  Zealot x2  
  89  17:03  Stalker x4  
  89  17:04  Stalker x5  
  89  17:07  Colossus, Zealot x2  
  107  17:15  Colossus  
  107  17:21  Extended Thermal Lance  
  113  17:23  Colossus  
  125  17:43  Dark Templar x2  
  129  17:45  Dark Templar  
  129  17:46  Zealot  
  133  17:58  Stalker  
  133  17:59  Stalker x3  
  133  18:02  Stalker  
  143  18:05  Stalker  
  143  18:09  Stalker  
  139  18:37  Stalker x4  
  139  18:38  Stalker x3  
  153  18:54  Zealot x3  
  153  18:55  Zealot  
  157  19:25  Stalker x3  
  147  19:40  Zealot x3  
  121  20:36  Zealot x6  
  125  20:47  Stalker x2  
  105  21:17  Stalker x2  
  101  21:40  High Templar x3  
  101  21:41  High Templar x4  
  101  21:44  Archon x2  
  101  21:45  Archon  
  115  21:48  High Templar  
  115  21:52  Archon  
  117  22:07  Stalker  
  107  22:33  Stalker x3  
Show
View Real Time Build Order
Export as new Build Order

KingofKings Terran 

Build Orders: 2 Factory, Reaper Expand 

Get SALT Encoding   

  12  0:02  SCV  
  13  0:14  SCV  
  13  0:18  Supply Depot  
  14  0:26  SCV  
  15  0:37  Refinery  
  15  0:41  Barracks  
  15  0:46  SCV  
  16  0:58  SCV  
  17  1:10  SCV  
  18  1:23  SCV  
  19  1:30  Reaper  
  20  1:39  Orbital Command  
  20  1:42  Command Center  
  20  1:48  Refinery  
  20  2:04  Supply Depot  
  20  2:05  SCV  
  21  2:13  Factory  
  19  2:40  Command Center  
  19  2:51  Factory  
  19  2:56  Factory Tech Lab  
  19  3:07  Refinery  
  19  3:16  Siege Tank  
  22  3:38  Factory Tech Lab  
  21  3:43  Starport  
  21  4:02  Command Center, Orbital Command  
  21  4:10  Siege Tank  
  24  4:21  Siege Tank  
  21  4:58  Orbital Command  
  21  5:00  Barracks Reactor  
  21  5:11  SCV  
  22  5:14  Orbital Command  
  22  5:16  Refinery  
  22  5:21  Starport Tech Lab  
  22  5:23  SCV  
  22  5:25  SCV  
  24  5:35  SCV  
  25  5:37  SCV, Marine x2  
  25  5:41  SCV  
  29  5:47  SCV  
  29  5:48  Refinery  
  30  5:53  Refinery  
  30  5:54  SCV  
  30  5:55  Marine  
  32  5:59  SCV  
  33  6:07  Bunker  
  33  6:09  Engineering Bay  
  33  6:19  SCV, Starport  
  33  6:23  Supply Depot  
  34  6:38  SCV  
  34  6:39  SCV x2, Supply Depot  
  37  6:45  Marine  
  38  6:57  SCV  
  38  7:00  SCV  
  40  7:03  Missile Turret  
  40  7:06  SCV  
  41  7:09  SCV, Neosteel Armor  
  41  7:13  Marine  
  41  7:15  Marine  
  44  7:19  SCV  
  45  7:24  Missile Turret x2  
  45  7:30  Missile Turret  
  45  7:31  Marine  
  45  7:33  SCV x2  
  45  7:34  SCV  
  49  7:46  Starport  
  49  7:47  Missile Turret  
  49  7:51  Starport  
  49  7:55  Armory  
  49  7:58  Armory  
  49  7:59  SCV  
  49  8:01  SCV  
  51  8:13  SCV  
  51  8:17  Bunker  
  51  8:19  Marine  
  52  8:20  Marine  
  54  8:27  Supply Depot  
  54  8:30  Supply Depot  
  54  8:33  Starport Tech Lab x2  
  54  8:37  Marine  
  55  8:52  Supply Depot, Marine  
  55  8:55  Marine  
  56  9:01  Fusion Core  
  57  9:05  SCV x3  
  60  9:10  Marine  
  60  9:11  Terran Vehicle And Ship Armor Level 1  
  60  9:12  Terran Ship Weapons Level 1  
  60  9:13  Marine  
  62  9:17  SCV  
  63  9:27  Refinery  
  63  9:29  SCV  
  64  9:48  Battlecruiser x3  
  64  9:52  Battlecruiser  
  88  9:54  SCV  
  89  10:02  Missile Turret  
  89  10:05  Widow Mine x2  
  93  10:07  Drilling Claws  
  93  10:13  Missile Turret  
  93  10:15  Missile Turret  
  93  10:18  Missile Turret  
  93  10:23  SCV x2  
  93  10:24  SCV, Missile Turret  
  93  10:26  Widow Mine x2  
  100  10:36  Supply Depot  
  100  10:46  Supply Depot  
  100  10:58  Widow Mine, Battlecruiser  
  108  11:08  Widow Mine  
  110  11:13  Command Center  
  110  11:16  Terran Vehicle Weapons Level 1  
  110  11:19  Widow Mine  
  108  12:41  Battlecruiser x4  
  114  13:12  Orbital Command  
  114  13:13  Terran Ship Weapons Level 2, Terran Vehicle And Ship Armor Level 2  
  114  13:30  Widow Mine x2  
  114  13:31  Marine x2  
  120  13:45  Terran Infantry Weapons Level 1, Battlecruiser  
  126  13:49  Marine x2  
  126  13:52  Widow Mine x2  
  132  13:57  Refinery  
  130  14:07  Marine x2  
  130  14:13  Widow Mine  
  132  14:20  Refinery  
  132  14:21  Siege Tank  
  125  14:24  Marine x2  
  123  14:34  Widow Mine  
  125  14:42  Marine x2  
  115  14:53  Siege Tank  
  115  14:56  Widow Mine  
  112  15:00  Marine  
  89  15:25  Siege Tank, Marine x2  
  89  15:26  Battlecruiser x3  
  106  15:40  Terran Infantry Armor Level 1  
  106  15:42  Marine  
  105  15:45  Battlecruiser  
  112  15:54  SCV x4  
  116  15:57  Siege Tank  
  119  16:06  SCV x3  
  122  16:29  Siege Tank  
  122  16:30  Widow Mine  
  127  16:34  Command Center  
  127  16:46  Battlecruiser  
  132  16:51  Widow Mine  
  130  17:12  Widow Mine  
  132  17:19  Marine x2  
  132  17:20  Battlecruiser  
  132  17:21  Supply Depot x2  
  140  17:28  Missile Turret  
  140  17:29  Bunker  
  140  17:34  Missile Turret  
  140  17:42  Siege Tank, Marine x2, Widow Mine  
  147  17:48  Orbital Command  
  147  18:00  Marine  
  147  18:02  Missile Turret  
  147  18:04  Widow Mine  
  150  18:11  Supply Depot  
  150  18:14  Supply Depot, Siege Tank  
  114  18:39  Marine x2  
  114  18:40  Battlecruiser  
  114  18:41  Battlecruiser x2  
  134  18:46  Siege Tank  
  99  18:56  Marine  
  99  18:57  Marine  
  101  19:06  Factory Tech Lab  
  101  19:14  Marine x2  
  103  19:18  Siege Tank  
  99  19:32  Marine x2  
  99  19:33  Siege Tank  
  99  19:50  Marine  
  99  19:51  Siege Tank  
  94  20:05  Siege Tank  
  89  20:16  Marine x2  
  79  20:23  Siege Tank  
  82  20:34  Marine  
  82  20:35  Marine  
  84  20:37  Siege Tank  
  87  20:43  SCV x2  
  87  20:44  SCV  
  90  20:52  Marine  
  90  20:54  Viking  
  90  20:55  Marine, Siege Tank  
  97  21:09  Siege Tank  
  100  21:27  Siege Tank  
  103  21:33  Viking  
  103  21:34  Viking  
  102  21:41  Siege Tank  
  102  21:59  Siege Tank  
Show
View Real Time Build Order
Export as new Build Order

Knowledge Terran 

Build Orders: Command Center First 

Get SALT Encoding   

  12  0:01  SCV  
  13  0:14  SCV  
  14  0:18  Supply Depot  
  14  0:26  SCV  
  15  0:42  SCV  
  16  0:54  SCV  
  17  1:12  Command Center  
  17  1:14  SCV  
  18  1:20  Barracks  
  18  1:24  Refinery  
  18  1:31  Refinery  
  18  1:36  SCV  
  19  1:49  SCV  
  20  2:01  SCV  
  21  2:07  Engineering Bay  
  21  2:32  Barracks Tech Lab  
  21  2:33  Factory  
  21  2:36  Missile Turret  
  21  2:39  Missile Turret  
  21  2:40  Orbital Command  
  21  2:49  Orbital Command  
  21  3:03  Sensor Tower  
  21  3:12  Missile Turret  
  21  3:19  Missile Turret  
  21  3:26  Siege Tank  
  24  3:38  Barracks Tech Lab  
  24  3:40  Factory  
  24  3:45  SCV, Starport  
  25  4:03  Sensor Tower  
  25  4:04  Refinery  
  25  4:05  Refinery  
  25  4:09  Barracks Reactor  
  25  4:12  Siege Tank  
  28  4:21  SCV x2  
  30  4:33  SCV x2  
  32  4:44  Siege Tank  
  36  4:45  SCV  
  36  5:11  Command Center  
  36  5:13  Supply Depot  
  36  5:14  Supply Depot, SCV  
  36  5:15  SCV  
  38  5:33  Hi-Sec Auto Tracking  
  38  5:34  SCV, Siege Tank, Viking x2  
  46  5:37  SCV  
  47  5:46  SCV  
  47  5:49  SCV  
  49  5:52  Missile Turret  
  49  5:55  Missile Turret  
  49  5:59  Missile Turret  
  49  6:05  Siege Tank  
  52  6:20  Missile Turret  
  52  6:22  Missile Turret  
  52  6:23  Missile Turret  
  52  6:25  Missile Turret  
  52  6:32  Missile Turret  
  52  6:34  Siege Tank  
  55  6:46  Orbital Command  
  55  6:54  SCV x2  
  56  6:59  Siege Tank  
  60  7:08  SCV x2  
  62  7:12  Viking  
  64  7:18  Viking  
  64  7:20  SCV x2  
  68  7:32  SCV  
  69  7:41  Supply Depot  
  69  7:46  Supply Depot  
  69  7:47  Supply Depot  
  69  7:48  Supply Depot  
  69  7:50  Supply Depot  
  69  8:03  SCV x2  
  71  8:11  Command Center  
  71  8:12  Siege Tank  
  74  8:15  SCV  
  75  8:25  Neosteel Armor  
  75  8:32  Command Center  
  60  8:48  Siege Tank  
  60  8:49  Siege Tank  
  60  8:50  SCV x2  
  60  8:51  SCV  
  69  9:02  Liberator x2, SCV  
  76  9:03  SCV x2  
  78  9:10  Command Center  
  78  9:11  Command Center  
  78  9:14  SCV  
  78  9:15  SCV  
  80  9:21  SCV  
  81  9:27  SCV x2, Siege Tank x2  
  89  9:33  SCV  
  89  9:35  Refinery  
  89  9:37  Refinery  
  90  9:39  Command Center  
  90  9:41  Orbital Command  
  90  9:45  Liberator x2  
  96  10:20  Armory, Missile Turret  
  96  10:22  Armory, Missile Turret x2  
  96  10:23  Armory, Missile Turret, Siege Tank x2  
  96  10:25  Missile Turret  
  102  10:28  Missile Turret  
  102  10:29  Missile Turret  
  102  10:35  Planetary Fortress  
  102  10:41  Missile Turret  
  102  10:46  Missile Turret  
  102  10:48  Liberator x2  
  108  10:50  Missile Turret  
  108  10:52  Missile Turret  
  108  10:55  Siege Tank  
  111  10:58  Orbital Command  
  111  11:05  Orbital Command  
  111  11:17  Terran Ship Weapons Level 1  
  111  11:18  Terran Vehicle Weapons Level 1  
  111  11:19  Factory  
  111  11:22  Terran Vehicle And Ship Armor Level 1, Factory  
  111  11:24  Starport  
  111  12:06  Factory Tech Lab x2  
  111  12:09  Starport Reactor  
  111  12:20  Liberator x2  
  117  12:24  SCV  
  118  12:36  SCV  
  119  12:46  Missile Turret  
  119  12:47  Missile Turret x2  
  119  12:48  SCV  
  120  12:56  Missile Turret x2  
  120  12:59  Siege Tank x2  
  120  13:01  Siege Tank, Sensor Tower  
  120  13:02  Liberator  
  120  13:03  Liberator  
  120  13:05  Liberator x2  
  141  13:23  Terran Vehicle Weapons Level 2  
  141  13:24  Terran Ship Weapons Level 2  
  141  13:25  Terran Vehicle And Ship Armor Level 2  
  141  13:30  Supply Depot x2  
  141  13:31  Supply Depot  
  141  13:32  Supply Depot  
  141  13:33  Supply Depot  
  141  13:45  Liberator x2  
  141  13:48  Liberator x2  
  144  14:28  Liberator x2  
  144  14:29  Siege Tank x4  
  144  14:31  Liberator x2  
  165  14:34  SCV x5  
  173  15:01  Siege Tank x2  
  167  15:19  Siege Tank x2  
  164  15:25  Liberator  
  164  15:26  Liberator x3  
  170  15:33  Siege Tank  
  167  16:08  Liberator x3  
  167  16:09  Viking  
  172  16:34  Thor  
  172  16:39  Viking  
  174  16:51  Viking x2  
  180  16:57  Terran Ship Weapons Level 3  
  178  17:02  Terran Vehicle And Ship Armor Level 3  
  178  17:06  Refinery  
  178  17:07  Refinery  
  148  17:45  Viking x4  
  137  18:15  Viking  
  138  18:28  Viking x3  
  132  18:45  Viking  
  134  18:48  Infernal Pre-Igniter  
  134  18:52  Hellion x4  
  142  18:58  Viking x3  
  148  19:13  Hellion x4  
  148  19:15  Viking  
  158  19:26  Missile Turret x3  
  158  19:27  Missile Turret x3  
  158  19:28  Missile Turret x2  
  158  19:29  Missile Turret x2  
  158  19:30  Missile Turret  
  158  19:31  Missile Turret  
  158  19:32  Missile Turret x3  
  158  19:34  Hellion  
  158  19:35  Hellion x3  
  156  19:46  Missile Turret  
  156  19:48  Missile Turret  
  145  19:56  Hellion x4  
  126  20:17  Hellion x4  
  134  20:21  Viking  
  134  20:22  Viking x3  
  142  20:51  Viking  
  142  20:52  Viking x3  
  150  21:19  Thor x2  
  150  21:21  Viking x3  
  150  21:22  Hellion x2, Viking  
  174  21:43  Hellion  
  174  21:44  Hellion  
  98  22:03  Hellion x2  
  98  22:05  Hellion x2  
  98  22:19  Liberator x4  
  104  22:24  Hellion x2  
  104  22:26  Hellion x2  
  89  23:02  Liberator x3  
Show
View Real Time Build Order
Export as new Build Order

BONUSSTEVE Zerg 

Build Orders: Hatch First 

Get SALT Encoding   

  12  0:03  Drone  
  13  0:09  Drone  
  14  0:20  Extractor  
  14  0:21  Extractor, Drone  
  13  0:22  Drone  
  16  0:35  Overlord  
  16  0:49  Hatchery  
  15  0:58  Drone x3  
  18  1:04  Extractor  
  17  1:14  Drone  
  19  1:25  Drone  
  19  1:37  Drone  
  20  1:46  Hatchery, Spawning Pool  
  18  1:52  Drone  
  18  1:53  Drone  
  20  1:59  Extractor  
  19  2:04  Drone  
  20  2:14  Drone  
  21  2:21  Drone x2  
  23  2:23  Drone  
  24  2:34  Zergling x2  
  24  2:36  Lair  
  25  2:42  Metabolic Boost  
  25  2:48  Zergling x2  
  25  2:49  Zergling x2  
  27  2:51  Drone  
  27  2:54  Overlord  
  28  3:03  Zergling x2  
  30  3:05  Zergling x2  
  30  3:11  Zergling x2  
  31  3:16  Zergling x2  
  31  3:17  Zergling x6  
  35  3:21  Drone  
  35  3:23  Drone  
  37  3:35  Nydus Network  
  37  3:36  Zergling x2  
  37  3:39  Zergling x6  
  40  3:46  Drone  
  40  3:47  Drone  
  42  3:51  Overlord  
  42  3:54  Overlord  
  42  4:09  Zergling x2  
  43  4:10  Zergling x2  
  43  4:14  Nydus Canal  
  44  4:17  Zergling x4  
  44  4:22  Zergling x6  
  44  4:23  Zergling x2  
  49  4:43  Zergling x2  
  49  4:44  Zergling x10  
  40  5:14  Zergling x6  
  40  5:15  Zergling x10  
  40  5:17  Zergling x2  
  46  5:23  Nydus Canal  
  40  5:45  Baneling Nest  
  40  5:46  Drone x2  
  40  5:47  Drone x2  
  40  5:48  Drone x3  
  46  5:56  Queen  
  48  5:58  Queen  
  48  6:01  Hatchery x2  
  48  6:04  Overseer  
  48  6:14  Zergling x4  
  48  6:15  Zergling x2  
  48  6:18  Zergling x6  
  54  6:21  Drone x2  
  54  6:22  Drone  
  57  6:26  Overlord  
  57  6:29  Overlord  
  57  6:35  Baneling x6  
  57  6:36  Baneling  
  57  6:40  Centrifugal Hooks  
  57  6:46  Baneling x3  
  57  6:47  Baneling x5  
  57  6:49  Baneling x2  
  57  6:50  Baneling  
  57  6:51  Baneling  
  57  6:52  Baneling  
  57  6:53  Baneling  
  57  6:54  Baneling  
  57  6:55  Baneling  
  57  6:56  Baneling  
  57  6:57  Baneling x2  
  57  7:10  Nydus Canal  
  57  7:20  Drone x3  
  57  7:21  Drone x2  
  57  7:22  Drone x6  
  50  7:53  Zergling x14  
  57  8:01  Drone  
  57  8:02  Drone x3  
  61  8:08  Drone  
  61  8:09  Drone x8  
  70  8:23  Extractor  
  70  8:25  Extractor  
  68  8:27  Extractor, Drone  
  68  8:28  Drone x2  
  68  8:30  Extractor, Overlord x3  
  68  8:31  Overlord x2  
  63  8:36  Queen  
  63  8:37  Queen  
  63  8:38  Queen  
  68  8:43  Burrow  
  68  8:51  Drone x2  
  68  8:52  Drone  
  68  8:53  Drone  
  72  8:56  Drone  
  72  8:57  Drone  
  72  9:02  Zergling x10  
  79  9:03  Zergling x8  
  83  9:20  Hydralisk Den  
  82  9:24  Infestation Pit  
  82  9:30  Drone  
  82  9:36  Zergling x2  
  82  9:37  Zergling x14  
  82  9:38  Zergling x14  
  94  9:39  Zergling x2  
  94  9:40  Overseer  
  94  9:43  Overlord x2  
  98  9:49  Grooved Spines  
  98  9:51  Hydralisk x2  
  98  9:52  Hydralisk  
  101  10:01  Baneling x10  
  101  10:02  Baneling x18  
  100  10:13  Drone x6  
  101  10:24  Nydus Network  
  101  10:25  Nydus Network  
  99  10:29  Hydralisk x4  
  98  10:48  Hydralisk  
  98  10:49  Hydralisk x2  
  101  10:52  Hydralisk x6  
  101  10:53  Hydralisk  
  111  11:04  Hydralisk x3  
  111  11:27  Hydralisk x4  
  104  11:37  Overlord x2  
  104  11:38  Overlord x5  
  95  12:06  Hatchery  
  84  12:14  Evolution Chamber  
  84  12:15  Hatchery, Evolution Chamber  
  81  12:32  Hydralisk x6  
  81  12:33  Hydralisk x2  
  97  12:40  Overseer x4, Hatchery  
  96  12:44  Zerg Missile Weapons Level 1  
  96  12:49  Zerg Ground Armor Level 1  
  96  13:23  Hydralisk x3  
  96  13:24  Hydralisk x6  
  114  13:29  Drone  
  114  13:30  Drone x3  
  114  13:31  Drone  
  114  13:32  Drone  
  114  13:33  Drone  
  121  13:35  Drone  
  121  13:36  Drone  
  121  13:38  Drone  
  121  13:39  Drone  
  121  13:40  Drone  
  126  13:52  Hydralisk x4  
  126  13:53  Hydralisk  
  136  14:16  Hydralisk x2  
  136  14:17  Hydralisk x6  
  136  14:18  Hydralisk x2  
  136  14:21  Drone  
  136  14:22  Drone x3  
  136  14:23  Drone  
  161  15:32  Overlord x5  
  161  15:33  Overlord x3  
  161  15:42  Drone  
  162  15:48  Extractor  
  162  15:49  Hive  
  161  15:50  Extractor  
  160  16:00  Zergling x2  
  160  16:01  Zergling x52  
  187  16:14  Drone x2  
  187  16:15  Drone  
  190  16:20  Extractor  
  190  16:21  Baneling x14  
  190  16:22  Baneling x9  
  189  16:33  Nydus Canal  
  189  16:34  Nydus Canal  
  189  16:36  Nydus Canal  
  173  16:57  Nydus Canal  
  173  16:58  Nydus Canal x2  
  158  17:29  Hydralisk x7  
  134  17:30  Hydralisk x11  
  168  17:39  Zergling x2  
  169  17:54  Drone x3  
  172  18:08  Hatchery  
  171  18:14  Muscular Augments  
  171  18:15  Zerg Ground Armor Level 2, Zerg Missile Weapons Level 2  
  171  18:25  Nydus Canal x2  
  171  18:26  Nydus Canal  
  171  18:29  Extractor  
  171  18:31  Drone x3  
  171  18:32  Extractor  
  76  19:14  Hydralisk x2  
  76  19:15  Hydralisk x21  
  17  20:02  Zergling x2  
  17  20:03  Zergling x6  
  16  20:12  Drone x2  
  16  20:13  Drone x4  
  22  20:22  Unknown  
  21  21:38  Hydralisk x6  
  20  21:59  Hatchery  
  12  22:40  Drone  
  5  23:05  Hydralisk x3  
  5  23:06  Hydralisk x3  
  5  23:09  Queen  
  5  23:10  Queen  
  21  23:14  Hatchery  
Tags
 
Add a new tag
Caveats
  • Supply blocks, unpowered buildings, or Contaminate may cause inaccurate times.
  • Supply counts are checked every 10 seconds.